Map: Lerilak Crest

Players

Chase

  • Race: Zerg Zerg
  • League: Grandmaster

Seither - Winner!

  • Race: Terran Terran
  • League: Master

VOD

Have the link to the VOD?

Description

Time

  • Played on: Dec. 13, 2015, 4:05 a.m.
  • Length: 12:23
Show
View Real Time Build Order
Export as new Build Order

Chase Zerg 

Build Orders: Hatch First, Zergling Baneling 

Get SALT Encoding   

  12  0:04  Drone  
  13  0:16  Overlord  
  13  0:18  Drone  
  14  0:35  Drone x2  
  16  0:38  Drone  
  17  0:57  Hatchery  
  17  1:00  Drone x2  
  18  1:13  Spawning Pool  
  18  1:18  Drone  
  18  1:23  Extractor  
  18  1:24  Drone  
  18  1:33  Drone  
  19  1:45  Overlord  
  19  2:00  Queen  
  21  2:01  Zergling x2  
  22  2:09  Queen  
  22  2:10  Zergling x2  
  22  2:11  Zergling x2  
  26  2:16  Drone  
  26  2:21  Drone  
  28  2:28  Drone  
  29  2:35  Metabolic Boost  
  29  2:44  Queen  
  29  2:45  Drone x2  
  29  2:48  Overlord  
  33  2:55  Drone  
  33  2:56  Drone  
  35  3:02  Drone  
  35  3:04  Overlord  
  36  3:11  Drone x3  
  39  3:15  Spore Crawler  
  38  3:21  Drone x4  
  43  3:27  Drone x2  
  45  3:36  Drone x2  
  47  3:48  Baneling Nest, Extractor  
  45  3:50  Hatchery  
  45  3:53  Zergling x2  
  45  3:54  Zergling x6  
  48  4:00  Zergling x4  
  48  4:01  Zergling x4  
  52  4:08  Overlord  
  52  4:15  Overlord x2  
  52  4:26  Zergling x14  
  59  4:32  Baneling x3  
  59  4:33  Baneling x3  
  59  4:34  Baneling x5  
  59  4:35  Baneling  
  59  4:43  Zergling x6  
  62  4:50  Zergling x2  
  62  4:52  Overlord  
  63  4:53  Zergling x4  
  65  5:07  Zergling x12  
  60  5:10  Overlord  
  60  5:12  Lair  
  60  5:18  Drone  
  59  5:22  Drone x2  
  59  5:25  Drone x2  
  62  5:30  Drone x2  
  62  5:36  Drone  
  62  5:38  Evolution Chamber  
  62  5:39  Roach Warren  
  62  5:42  Overlord  
  61  5:43  Drone  
  61  5:55  Drone x6  
  63  5:57  Overlord  
  63  6:03  Extractor  
  62  6:06  Zerg Ground Armor Level 1, Extractor  
  62  6:07  Drone x4  
  65  6:17  Zergling x6  
  68  6:28  Zergling x12  
  74  6:34  Zergling x8  
  74  6:35  Zergling x2  
  79  6:41  Zergling x2  
  79  6:43  Centrifical Hooks  
  79  6:45  Spire  
  79  6:48  Zergling x6  
  79  6:51  Drone x3, Extractor x2  
  83  6:55  Overlord  
  83  6:56  Drone  
  84  7:04  Overlord x2  
  79  7:16  Drone x7  
  79  7:17  Drone  
  87  7:24  Overlord  
  87  7:27  Hatchery  
  87  7:29  Drone x2  
  88  7:32  Burrow  
  87  7:58  Overseer  
  87  7:59  Overlord  
  87  8:00  Corruptor  
  87  8:01  Corruptor x5  
  87  8:04  Zerg Melee Weapons Level 1  
  99  8:09  Zergling x2  
  99  8:10  Zergling x10  
  105  8:16  Overlord  
  105  8:22  Drone x4  
  105  8:23  Drone x3  
  105  8:25  Overlord  
  112  8:29  Extractor  
  112  8:31  Extractor  
  112  8:33  Zergling x6  
  113  8:35  Overlord  
  113  8:36  Zerg Flyer Weapons Level 1  
  113  8:39  Evolution Chamber  
  113  8:40  Overlord  
  112  8:53  Baneling x4  
  112  8:54  Baneling x5  
  106  9:06  Zergling x2  
  106  9:07  Zergling x22  
  118  9:11  Baneling x8  
  117  9:18  Baneling x3  
  117  9:23  Zergling x8  
  117  9:24  Zergling x2  
  117  9:33  Zergling x4  
  117  9:34  Zergling x2  
  120  9:40  Zergling x10  
  120  9:41  Zerg Ground Armor Level 2  
  122  9:55  Corruptor x3  
  122  9:58  Baneling x3  
  122  9:59  Baneling x5  
  128  10:05  Hatchery  
  127  10:08  Corruptor  
  129  10:19  Corruptor x3  
  135  10:27  Baneling x2  
  135  10:28  Baneling x2  
  135  10:30  Overseer  
  135  10:34  Overlord  
  135  10:36  Drone x2  
  136  10:43  Zergling x4  
  136  10:44  Zergling x6  
  141  10:51  Infestation Pit, Zergling x2  
  141  10:52  Zergling x4  
  141  10:54  Zergling x2  
  141  10:55  Drone  
  145  10:58  Drone  
  139  11:17  Zergling x2  
  139  11:18  Zergling x16  
  120  11:29  Zergling x10  
  120  11:30  Zergling x6  
  105  11:34  Zergling x2  
  98  11:47  Zergling x4  
  98  11:48  Zergling x4  
  98  11:49  Baneling  
  98  11:50  Baneling x5  
  102  12:00  Zergling x12  
Show
View Real Time Build Order
Export as new Build Order

Seither Terran - Winner!

Build Orders: Liberator Opening, Reaper Expand, Bio Tank 

Get SALT Encoding   

  12  0:00  SCV  
  13  0:13  SCV  
  14  0:16  Supply Depot  
  14  0:26  SCV  
  15  0:38  SCV  
  15  0:39  Barracks  
  16  0:45  Refinery  
  16  0:50  SCV  
  17  1:02  SCV  
  18  1:14  SCV  
  19  1:28  Reaper, Orbital Command  
  20  1:42  Command Center  
  20  1:54  SCV, Supply Depot  
  20  2:00  Marine  
  22  2:06  SCV  
  23  2:09  Factory  
  23  2:14  Refinery  
  23  2:18  SCV  
  24  2:23  Barracks Reactor  
  24  2:30  SCV  
  25  2:42  SCV  
  26  2:54  SCV, Starport  
  26  2:55  Orbital Command  
  27  3:07  SCV  
  27  3:08  Hellion x2  
  27  3:10  Barracks Tech Lab  
  32  3:19  SCV  
  33  3:21  SCV  
  33  3:22  Supply Depot  
  34  3:31  SCV  
  34  3:33  SCV  
  34  3:34  Viking  
  37  3:43  SCV  
  37  3:44  Siege Tank, Marine  
  37  3:45  Marine  
  37  3:46  SCV  
  44  3:50  Liberator  
  44  3:55  SCV  
  45  3:57  Supply Depot  
  45  3:58  SCV  
  46  4:07  SCV  
  48  4:10  SCV  
  48  4:14  Command Center  
  49  4:19  SCV  
  49  4:22  SCV  
  53  4:24  Siege Tank  
  54  4:34  SCV x2  
  54  4:35  Barracks  
  56  4:39  Barracks Tech Lab, Barracks  
  56  4:48  Refinery, Engineering Bay  
  56  4:49  Engineering Bay  
  56  4:50  SCV, Refinery  
  57  5:02  Liberator  
  57  5:04  Siege Tank, Marine  
  59  5:09  Orbital Command  
  59  5:12  SCV  
  57  5:23  Marine x2  
  59  5:28  Marine x2  
  59  5:30  Orbital Command  
  61  5:37  SCV x2  
  61  5:40  Marine  
  64  5:46  Stimpack, Marine x2  
  64  5:48  Refinery  
  66  5:51  Bunker  
  66  5:53  Supply Depot  
  66  5:54  SCV x2  
  67  5:57  Marine  
  67  5:58  Siege Tank, Marine  
  72  6:12  Terran Infantry Weapons Level 1  
  72  6:14  Marine x2, Starport Reactor  
  72  6:15  Marine  
  72  6:18  Refinery  
  75  6:21  SCV x3  
  78  6:27  Supply Depot x2  
  78  6:30  Orbital Command  
  78  6:32  Barracks Reactor  
  78  6:38  Terran Infantry Armor Level 1  
  78  6:39  Barracks x2  
  78  6:40  SCV x2  
  78  6:43  Marine x3  
  83  6:48  Siege Tank  
  86  6:54  Supply Depot  
  86  6:56  Supply Depot  
  86  6:58  SCV x3  
  89  7:08  Marine x3  
  89  7:09  Supply Depot, Marine  
  89  7:10  SCV x2  
  89  7:14  SCV  
  95  7:20  Marine  
  95  7:22  SCV, Siege Tank  
  100  7:23  SCV, Medivac  
  100  7:25  Supply Depot  
  100  7:28  Refinery  
  103  7:30  Armory  
  103  7:36  Marine x2  
  103  7:37  Barracks Reactor x2  
  105  7:39  Supply Depot  
  105  7:41  SCV x3  
  108  7:49  Marine x2  
  108  7:50  Combat Shields  
  110  7:53  SCV x3  
  110  7:57  Supply Depot  
  113  7:58  Medivac  
  113  7:59  Medivac  
  117  8:10  Missile Turret  
  117  8:11  SCV x3, Marine x2  
  117  8:12  Marine x3  
  125  8:13  Siege Tank  
  125  8:14  Marine x3  
  125  8:15  Marine  
  130  8:20  Supply Depot  
  130  8:22  Supply Depot  
  130  8:27  Terran Infantry Weapons Level 2  
  130  8:32  Marine  
  130  8:33  Marine x4  
  135  8:39  Marine x2  
  135  8:40  Medivac x2  
  141  8:42  SCV x3  
  141  8:48  Supply Depot, Terran Infantry Armor Level 2  
  144  8:52  Supply Depot  
  123  9:03  Marine  
  123  9:04  Marine x5  
  123  9:05  Siege Tank  
  130  9:18  Marine x3  
  130  9:19  SCV x2  
  130  9:20  SCV  
  130  9:21  Marine x2  
  130  9:22  Marine  
  139  9:24  Barracks  
  139  9:25  Factory, Barracks x2  
  139  9:26  Refinery  
  139  9:31  Marine x3  
  142  9:35  Medivac x2  
  142  9:36  Terran Vehicle Weapons Level 1, Marine x3  
  149  9:41  Marine x3  
  149  9:44  Siege Tank  
  155  9:48  Marine x2  
  155  9:49  Marine  
  158  9:54  Marine x2  
  158  9:56  Marine  
  158  9:59  Marine x3  
  164  10:01  Supply Depot  
  164  10:02  Supply Depot  
  164  10:05  Command Center  
  164  10:12  Medivac x2  
  164  10:13  Factory Reactor  
  164  10:14  Barracks Tech Lab x3  
  168  10:27  Marauder, Marine x6  
  176  10:29  Siege Tank  
  176  10:31  Supply Depot  
  179  10:46  Marine  
  179  10:47  Marine x5  
  179  10:48  Marauder x2  
  187  10:56  Medivac x2  
  182  11:07  Marine x2  
  182  11:08  Marauder x2, Marine x4  
  182  11:09  Marauder  
  173  11:11  Widow Mine x2  
  173  11:12  Siege Tank  
  177  11:25  Marine x4  
  163  11:26  Marauder  
  163  11:29  Marauder, Marine x4  
  163  11:30  Marauder  
  163  11:31  Marauder  
  151  11:34  Medivac x2  
  151  11:39  Starport  
  151  11:52  Widow Mine  
  151  11:53  Widow Mine x2  
  149  12:05  Marine x4  
Tags
 
Add a new tag
Caveats
  • Supply blocks, unpowered buildings, or Contaminate may cause inaccurate times.
  • Supply counts are checked every 10 seconds.